 Seeded DCSS version 0.31-a0-986-g5e6e4ef867 (webtiles) character file.

Game seed: 3451369682634171190 (custom seed)

698 timneilson the Ruffian (level 7, -5/47 HPs)
             Began as an Octopode Shapeshifter on Nov 24, 2023.
             Slain by Prince Ribbit (7 damage)
             ... on level 5 of the Dungeon.
             The game lasted 00:08:33 (3362 turns).

timneilson the Ruffian (Octopode Shapeshifter)      Turns: 3362, Time: 00:08:34

Health: -5/47      AC:  1    Str: 15    XL:     7   Next: 65%
Magic:  7/7        EV: 14    Int: 12    God:
Gold:   157        SH:  0    Dex: 12    Spells: 6/6 levels left

rFire   . .          .
                       - Unarmed
rCold   + . .        (no shield)
rNeg    . . .        (helmet currently unavailable)
rPois   .            e - amulet of the acrobat
rElec   +            h - ring "Sankorux" {rElec rC+ rCorr SInv}
rCorr   +            (no ring)
SInv    +            (no ring)
Will    .....        (no ring)
Stlth   +++          (no ring)
HPRegen 0.27/turn    (no ring)
MPRegen 0.10/turn    (no ring)
                     (no ring)

%: acrobat
@: beast-form, hasted, very quick
A: beast (slay +2), almost no armour, amphibious, 8 rings, camouflage 1,
gelatinous body 1, (nimble swimmer 1), tentacles
a: Begin Untransformation


You were on level 5 of the Dungeon.
You were a hulking beast.
You visited 1 branch of the dungeon, and saw 5 of its levels.

You collected 654 gold pieces.
You spent 497 gold pieces at shops.

Inventory:

Jewellery
 d - a ring of ice
 e - an amulet of the acrobat (around mantle)
 h - the ring "Sankorux" (left tentacle) {rElec rC+ rCorr SInv}
   (You bought it in a shop on level 1 of the Dungeon)

   [ring of resist corrosion]

   rC+:       It protects you from cold.
   rElec:     It insulates you from electricity.
   SInv:      It lets you see invisible.
   rCorr:     It protects you from acid and corrosion.
 n - a ring of wizardry
Talismans
 b - a beast talisman
 c - a flux talisman
Wands
 o - a wand of polymorph (3)
 r - a wand of quicksilver (11)
Scrolls
 l - 2 scrolls of poison
 m - 2 scrolls of teleportation
 s - a scroll of identify
Potions
 a - a potion of lignification
 f - 2 potions of brilliance
 i - a potion of curing {unknown}
 j - a potion of heal wounds {unknown}
 k - a potion of enlightenment {unknown}
 p - a potion of magic {unknown}
 q - a potion of attraction {unknown}


   Skills:
 * Level 3.7 Fighting
 * Level 4.1 Dodging
 + Level 3.8 Stealth
 * Level 4.7 Unarmed Combat
 + Level 1.1 Evocations
 * Level 4.4 Shapeshifting


You had 6 spell levels left.
You didn't know any spells.
Your spell library contained the following spells:

 Spells                   Type           Power      Damage    Failure   Level
 Ensorcelled Hibernation  Hex/Ice        0%         N/A       45%         2
 Jinxbite                 Hex            0%         N/A       45%         2
 Frozen Ramparts          Ice            0%         1d1       69%         3
 Anguish                  Hex/Necr       0%         N/A       97%         4
 Petrify                  Tmut/Erth      0%         N/A       97%         4
 Metabolic Englaciation   Hex/Ice        0%         N/A       100%        5


Dungeon Overview and Level Annotations

Branches:
Dungeon (5/15)
 Temple: D:4-7

Altars:
Okawaru
Trog
Wu Jian

Shops:
D:1 (=

Annotations:
D:5 Prince Ribbit


Innate Abilities, Weirdness & Mutations

You are a hulking beast.
Your limbs bulge with bestial killing power. (Slay +2)
You cannot wear most types of armour.
You are amphibious.
You can wear up to eight rings at the same time.
Your skin changes colour to match your surroundings (Stealth+).
Your rubbery body absorbs attacks. (AC +1, EV +1)
((You are camouflaged when in or above water. (Stealth+)))
You have tentacles for arms and can constrict up to eight enemies at once.


Message History

You squeeze the sleepcap.
The sleepcap is almost destroyed.
You constrict the sleepcap. The sleepcap completely misses you.
You tentacle-slap the sleepcap.
You destroy the sleepcap!
r - a wand of quicksilver (11)
Found a stone staircase leading down.
m - 2 scrolls of teleportation (gained 1)
There is an open door here.
You see here 3 stones.
Done exploring.
Done exploring.
Okay, then.
There is a stone staircase leading up here.
You see here a +0 whip.
There is a stone staircase leading down here.
You climb downwards.
Found a scroll of identify and 13 gold pieces.
Found a stone staircase leading down.
There is a stone staircase leading up here.
Found a stone staircase leading up.
s - a scroll of identify You now have 157 gold pieces (gained 13).
Prince Ribbit comes into view.
Prince Ribbit gives a loud, deep croak!
Prince Ribbit croaks regally.
Prince Ribbit hits you!
You bludgeon Prince Ribbit! Your grab misses Prince Ribbit.
Prince Ribbit is lightly wounded.
Prince Ribbit hits you.
You bludgeon Prince Ribbit! You grab Prince Ribbit.
Prince Ribbit is heavily wounded.
You constrict Prince Ribbit. Prince Ribbit misses you.
You tentacle-slap Prince Ribbit. You squeeze Prince Ribbit!
Prince Ribbit is severely wounded.
You constrict Prince Ribbit. Prince Ribbit hits you! Prince Ribbit hits you!!
* * * LOW HITPOINT WARNING * * *
It was a potion of haste.
You feel yourself speed up.
You constrict Prince Ribbit. Prince Ribbit hits you!
You die...

### .... ##.. ...# .
#... ...#.# #..^
##..... ... #.....
##.####..# # .
#....hF..#.# ..#
#.......##.#...#
##....<........#
###......####.
######......## #.
#....#..##..##
#..###......#......#
#...........#...##.#
#...............##...


You could see Prince Ribbit.

Vanquished Creatures
  Sigmund (D:4)
  Eustachio (D:4)
  A black bear (D:3)
  A scorpion (D:4)
  A hound (D:4)
  A sleepcap (D:4)
  Terence (D:3)
  4 gnolls (D:3)
  5 adders
  A shadow imp (D:3)
  A worm (D:3)
  6 dart slugs
  3 orcs (D:4)
  6 ball pythons
  4 endoplasms
  5 giant cockroaches
  6 goblins
  6 hobgoblins
  4 jackals (D:3)
  2 quokkas
  2 bats (D:1)
  A frilled lizard (D:2)
  4 kobolds
  7 rats
74 creatures vanquished.

Notes
Turn   | Place    | Note
-------+----------+-------------------------------------------
     0 | D:1      | timneilson the Octopode Shapeshifter began the quest for
                  | the Orb.
     0 | D:1      | Reached XP level 1. HP: 13/13 MP: 1/1
    79 | D:1      | Found Juceetep's Jewellery Shop.
   103 | D:1      | Noticed an eye of devastation
   105 | D:1      | Found a faded altar of an unknown god.
   124 | D:1      | Noticed a golden eye
   124 | D:1      | Noticed a glass eye
   124 | D:1      | Noticed a golden eye
   130 | D:1      | Reached XP level 2. HP: 17/18 MP: 2/2
   140 | D:1      | Found Mylaamin's Weapon Shop.
   653 | D:1      | Reached XP level 3. HP: 23/23 MP: 3/3
   924 | D:2      | Reached skill level 1 in Stealth
  1266 | D:2      | Reached XP level 4. HP: 25/29 MP: 4/4
  1550 | D:2      | Identified a scroll of acquirement
  1550 | D:2      | Acquired 479 gold pieces
  1609 | D:1      | Bought the ring "Sankorux" {rElec rC+ rCorr SInv} for 497
                  | gold pieces
  1664 | D:3      | Noticed Terence
  1671 | D:3      | Killed Terence
  1868 | D:3      | Noticed a black bear
  1921 | D:3      | Reached XP level 5. HP: 19/34 MP: 5/5
  2141 | D:3      | Found an iron altar of Okawaru.
  2190 | D:3      | Found an ornate altar of the Wu Jian Council.
  2248 | D:3      | Killed a black bear
  2249 | D:3      | Reached XP level 6. HP: 33/41 MP: 6/6
  2382 | D:3      | Found a bloodstained altar of Trog.
  2474 | D:4      | Noticed Sigmund
  2495 | D:4      | Killed Sigmund
  2514 | D:4      | Reached XP level 7. HP: 40/46 MP: 7/7
  2838 | D:4      | Noticed Eustachio
  2848 | D:4      | Killed Eustachio
  3104 | D:4      | Reached skill level 1 in Evocations
  3333 | D:5      | Entered Level 5 of the Dungeon
  3353 | D:5      | Noticed Prince Ribbit
  3361 | D:5      | HP: 2/47 [Prince Ribbit (20)]
  3362 | D:5      | Slain by Prince Ribbit

Illustrated notes

Levels and vault maps discovered:
D:1:      spicycebolla_green_bress_n_ham, layout_basic,
          hellmonk_ecumenical_altar_watching_god, serial_shops,
          nicolae_shop_gaudy_bauble, shop
D:2:      layout_loops_ring
D:3:      layout_loops_cross, grunt_temple_overflow_open,
          hangedman_decor_opposing, corexii_hall_statues_l, uniq_terence
D:4:      layout_basic, uniq_eustachio, uniq_sigmund
D:5:      layout_cave_pools, mainiacjoe_overflow_catch_the_wave,
          uniq_prince_ribbit1, uniq_grinder, uniq_menkaure, uniq_ijyb

Skill      XL: |  1  2  3  4  5  6  7 |
---------------+----------------------+-----
Stealth        | 1 2 3 |  3.8
Fighting       | 2 3 |  3.7
Dodging        | 3 4 |  4.1
Unarmed Combat | 4 |  4.7
Shapeshifting  | 4 |  4.4
Evocations     | 1 |  1.1

Action                     |  1- 3 |  4- 6 |  7- 9 || total
---------------------------+-------+-------+-------++-------
  Melee: Unarmed           |    75 |    56 |    31 ||   162
         Constrict         |    18 |    18 |     7 ||    43
         Tentacles         |    17 |    16 |     9 ||    42
         Punch             |     2 |     1 |     3 ||     6
    Use: Scroll            |     1 |     5 |       ||     6
         Potion            |       |       |     1 ||     1
   Stab: Sleeping          |    10 |     4 |     2 ||    16
 Armour: Skin              |    20 |    16 |    11 ||    47
  Dodge: Dodged            |    48 |    48 |    17 ||   113

Table legend: (Time is in decaauts)
 A = Elapsed time spent in this place.
 B = Non-inter-level travel time spent in this place.
 C = Inter-level travel time spent in this place.
 D = Time resting spent in this place.
 E = Time spent auto-exploring this place.
 F = Levels seen in this place.
 G = Mean time per level.
                   A        B        C        D        E       F      G
               +--------+--------+--------+--------+--------+-----+--------+
         Total |   3350 |   3177 |    173 |    111 |   2082 |   5 |  670.0 |
       Dungeon |   3350 |   3177 |    173 |    111 |   2082 |   5 |  670.0 |
               +--------+--------+--------+--------+--------+-----+--------+

Top non-repeatable levels by time:
     D:1: 932 daAuts
     D:4: 878 daAuts
     D:3: 791 daAuts
     D:2: 719 daAuts
     D:5: 28 daAuts
